cohdb
Replays
Latest Replays
All Replays
Popular Replays
Top Player Replays
Match Explorer
How It Works
Community
CoH3 Stats
Reddit
Sign in to upload your games and track your stats! →
Sign in with Steam
Match 39537449
Unlisted
Match 39537449
Overview
Messages
Build Orders
End
Pioneer Squad
Selects Terror Battlegroup
Construct Infanterie Kompanie
Grenadier Squad
Selects Machine Gun Camouflage
GrW 34 Mortar Team
MG 42 Machine Gun Team
Grenadier Squad
Grenadier Squad
Infanterie Officer Quarters
Construct Luftwaffe Kompanie
Jäger Squad
Selects Defend the Fatherland
Support Elements
Wirbelwind Flakpanzer
Wirbelwind Flakpanzer
Marder III M Tank Destroyer
Luftwaffe Officer Quarters
el campo
PULA OT BABULY[POINTRUNNER]
MaXiS
DanielD
KT Perry
chokladkopp
0
0
Comments
sign in to comment!
No comments posted yet!